Map: Dash and Terminal LE (Void)

Players

wabbajack - Winner!

  • Race: Zerg Zerg
  • League: Grandmaster

Lockdown

  • Race: Protoss Protoss
  • League: Grandmaster

VOD

Have the link to the VOD?

Description

Time

  • Played on: July 15, 2015, 3:06 p.m.
  • Length: 6:23
Show
View Real Time Build Order
Export as new Build Order

wabbajack Zerg - Winner!

Build Orders: Hatch First 

Get SALT Encoding   

  12  0:01  Drone  
  13  0:13  Overlord  
  13  0:19  Drone  
  14  0:24  Extractor  
  14  0:25  Drone  
  15  0:38  Drone x2  
  17  0:57  Hatchery  
  16  1:04  Drone x2  
  16  1:05  Extractor  
  17  1:21  Spawning Pool  
  16  1:29  Drone x2  
  16  1:31  Drone  
  19  1:40  Overlord  
  19  2:12  Metabolic Boost  
  19  2:13  Queen  
  19  2:14  Queen  
  23  2:20  Drone  
  23  2:21  Drone x3  
  27  2:26  Drone  
  28  2:34  Drone x2  
  30  2:43  Roach Warren  
  29  2:48  Drone  
  30  3:02  Overlord x2  
  30  3:15  Extractor  
  30  3:16  Pneumatized Carapace  
  29  3:30  Drone x2  
  29  3:33  Drone  
  32  3:41  Roach x6  
  34  3:46  Overlord  
  34  3:48  Overlord  
  44  4:03  Roach  
  44  4:04  Roach x4  
  54  4:17  Zergling x2  
  54  4:18  Zergling x12  
  54  4:23  Zergling x2  
  62  4:33  Overlord  
  62  4:34  Overlord  
  62  5:03  Ravager x3  
  62  5:06  Zergling x20  
  62  5:07  Zergling x8  
  79  5:11  Overlord  
  80  5:14  Ravager  
  71  5:52  Ravager  
Show
View Real Time Build Order
Export as new Build Order

Lockdown Protoss 

Build Orders:  

Get SALT Encoding   

  12  0:01  Probe  
  13  0:14  Pylon  
  13  0:18  Probe  
  14  0:32  Probe (Chrono Boost)  
  15  0:42  Probe (Chrono Boost)  
  16  0:49  Probe  
  17  1:01  Probe  
  18  1:09  Nexus  
  18  1:15  Pylon  
  18  1:16  Probe (Chrono Boost)  
  20  1:26  Probe (Chrono Boost)  
  20  1:35  Probe  
  20  1:39  Gateway  
  21  1:46  Forge  
  21  1:50  Probe (Chrono Boost)  
  22  1:54  Assimilator x2  
  22  2:00  Probe (Chrono Boost)  
  23  2:07  Probe (Chrono Boost)  
  24  2:21  Photon Cannon  
  24  2:24  Probe x2  
  26  2:33  Cybernetics Core  
  26  2:36  Probe x2  
  28  2:49  Probe (Chrono Boost)  
  30  2:52  Zealot  
  30  2:54  Probe (Chrono Boost)  
  33  2:59  Probe (Chrono Boost)  
  33  3:02  Probe (Chrono Boost)  
  34  3:06  Probe (Chrono Boost)  
  35  3:14  Pylon  
  35  3:16  Probe (Chrono Boost)  
  35  3:18  Probe (Chrono Boost)  
  37  3:26  Probe (Chrono Boost)  
  39  3:27  Probe (Chrono Boost)  
  39  3:28  Warp Gate, Assimilator x2  
  39  3:29  Protoss Ground Weapons Level 1  
  39  3:30  Sentry, Probe (Chrono Boost)  
  42  3:35  Probe  
  43  3:42  Probe  
  44  3:48  Gateway  
  44  3:49  Gateway  
  44  3:50  Gateway  
  44  3:53  Gateway  
  44  3:59  Probe x2 (Chrono Boost)  
  45  4:03  Sentry  
  45  4:09  Probe x2 (Chrono Boost)  
  49  4:16  Probe  
  50  4:17  Pylon  
  50  4:24  Robotics Facility  
  50  4:27  Probe  
  50  4:28  Probe  
  52  4:35  Twilight Council  
  52  4:37  Sentry  
  54  4:38  Pylon  
  54  4:40  Probe x2  
  56  4:48  Robotics Facility  
  56  4:55  Mothership Core (Chrono Boost)  
  58  5:04  Pylon  
  59  5:07  Probe (Chrono Boost)  
  59  5:11  Observer  
  61  5:15  Sentry, Probe (Chrono Boost)  
  61  5:16  Probe (Chrono Boost)  
  64  5:21  Probe  
  61  5:40  Immortal (Chrono Boost)  
  61  5:42  Stalker x3  
  71  5:43  Stalker  
  30  6:03  Zealot x2  
  19  6:05  Zealot x2  
Tags
 
Add a new tag
Caveats
  • Supply blocks, unpowered buildings, or Contaminate may cause inaccurate times.
  • Supply counts are checked every 10 seconds.